 Dungeon Crawl Stone Soup version 0.19-a0-944-gb338e1e (webtiles) character file.

1372 HenryFlower the Grappler (level 8, -3/74 HPs)
             Began as a Troll Monk on July 9, 2016.
             Slain by a spriggan
             ... wielding a +0 rapier
              (11 damage)
             ... on level 5 of the Dungeon.
             The game lasted 00:07:07 (3448 turns).

HenryFlower the Grappler (Troll Monk)               Turns: 3448, Time: 00:07:08

Health: -3/74      AC:  7    Str: 20    XL:     8   Next: 38%
Magic:  7/7        EV: 10    Int:  8    God:
Gold:   203        SH:  0    Dex: 12    Spells: 0 memorised, 7 levels left

rFire  . . .     SeeInvis .       - Unarmed
rCold  . . .     Gourm    +     a - +0 robe
rNeg   . . .     Faith    .     (no shield)
rPois  .         Spirit   .     k - +2 hat
rElec  .         Dismiss  .     (no cloak)
rCorr  .         Reflect  .     (gloves unavailable)
SustAt .         Harm     .     (boots unavailable)
MR     .....                    (no amulet)
Stlth  +.........               (no ring)
                                (no ring)

@: not resistant to hostile enchantments, very unstealthy
A: unfitting armour, claws 3, fast metabolism 3, gourmand, regeneration 2,
shaggy fur 1, tough skin 2
a: no special abilities


You were on level 5 of the Dungeon.
You were very full.

You visited 1 branch of the dungeon, and saw 5 of its levels.

You collected 203 gold pieces.

Inventory:

Hand Weapons
 e - a +1 whip of venom
Missiles
 q - 2 tomahawks
 t - a throwing net
 F - 6 large rocks (quivered)
Armour
 a - a +0 robe (worn)
 k - a +2 hat (worn)
Wands
 x - a wand of flame (7/48)
Scrolls
 c - a scroll of fog {unknown}
 g - 2 scrolls of recharging {unknown}
 h - a scroll of noise {unknown}
 j - 2 scrolls of enchant weapon
 l - 3 scrolls of remove curse {unknown}
 n - 2 scrolls of fear {unknown}
 p - 2 scrolls of enchant armour {unknown}
 v - 2 scrolls of immolation {unknown}
 y - a scroll of teleportation {unknown}
 B - a scroll of blinking {unknown}
Potions
 f - a potion of brilliance
 i - 2 potions of cancellation
 m - a potion of ambrosia {unknown}
 s - a potion of resistance {unknown}
 u - 2 potions of curing
 w - a potion of agility {unknown}
 z - a potion of cure mutation {unknown}
 A - a potion of lignification {unknown}
 C - a potion of mutation {unknown}
 E - 3 potions of haste {unknown}
Comestibles
 b - 7 bread rations
 o - 2 slices of pizza
 r - a meat ration


   Skills:
 - Level 2.4 Fighting
 + Level 4.4 Throwing
 - Level 2.4 Dodging
 - Level 1.1 Stealth
 + Level 9.4 Unarmed Combat


You had 7 spell levels left.
You didn't know any spells.

Dungeon Overview and Level Annotations

Branches:
Dungeon (5/15)
 Temple: D:4-7

Altars:
Fedhas
Hepliaklqana
Makhleb
Okawaru
Ru
Uskayaw
Vehumet
Xom
Zin


Innate Abilities, Weirdness & Mutations

You are too large for most types of armour.
You have claws for hands.
Your metabolism is lightning-fast.
You like to eat raw meat.
You heal very quickly.
You are covered in fur. (AC +1)
You have very tough skin. (AC +2)


Message History

The spriggan hits you with a rapier.
* * * LOW HITPOINT WARNING * * *
Unknown command.
The spriggan barely misses you.
Things that are here:
a dagger; a robe; a spriggan corpse The spriggan hits you with a rapier.
* * * LOW HITPOINT WARNING * * *
You feel better. The spriggan hits you with a rapier.
* * * LOW HITPOINT WARNING * * *
Unknown command.
As you read the scroll labeled EJOCIM JATIESCH, it crumbles to dust.
It is a scroll of enchant weapon.
Enchant which weapon? (? for menu, Esc to quit)
Your runed whip glows red for a moment.
The jackal bites you but does no damage.
The jackal bites you.
* * * LOW HITPOINT WARNING * * *
The spriggan hits you with a rapier!
You die...

♣...♣♣♣...♣.♣♣
♣♣♣...♣
♣♣♣♣♣♣..
♣....♣♣ ♣♣♣
♣♣♣♣..♣♣ ♣♣..♣
♣♣♣..♣♣
♣♣♣♣....♣
♣♣♣.....♣♣♣
♣♣hi@.♣♣♣♣
♣♣♣♣).h♣♣♣
♣....♣♣♣
♣.....♣♣♣♣
♣♣♣♣.. ♣h. ...
♣..♣ ..♣


You could see a spriggan and 2 jackals.

Vanquished Creatures
  5 spriggans (D:5)
  The ghost of crawdingle the Charlatan, an amateur SpAr (D:4)
  The ghost of HenryFlower the Ruffian, an amateur TrMo (D:3)
  A sky beast (D:5)
  A crimson imp (D:5)
  A giant frog skeleton (D:4)
  2 orc wizards (D:4)
  A hound skeleton (D:4)
  3 gnolls (D:2)
  4 adders
  An ooze (D:1)
  3 worms (D:2)
  A dart slug (D:3)
  6 giant geckos
  5 orcs
  4 giant cockroaches
  7 goblins
  9 hobgoblins
  6 jackals
  6 kobolds
  9 bats
  3 giant newts
  A quokka skeleton (D:5)
  6 rats
87 creatures vanquished.

Notes
Turn   | Place    | Note
-------+----------+-------------------------------------------
     0 | D:1      | HenryFlower the Troll Monk began the quest for the Orb.
     0 | D:1      | Reached XP level 1. HP: 22/22 MP: 0/0
   115 | D:1      | Reached XP level 2. HP: 29/29 MP: 1/1
   334 | D:1      | Reached skill level 4 in Unarmed Combat
   592 | D:1      | Reached XP level 3. HP: 35/36 MP: 2/2
   970 | D:2      | Reached XP level 4. HP: 42/44 MP: 3/3
   985 | D:2      | Reached skill level 5 in Unarmed Combat
  1750 | D:3      | Noticed HenryFlower's ghost (amateur TrMo)
  1767 | D:3      | Killed HenryFlower's ghost
  1767 | D:3      | Reached skill level 6 in Unarmed Combat
  1767 | D:3      | Reached XP level 5. HP: 42/50 MP: 4/4
  2005 | D:3      | Found a glowing silver altar of Zin.
  2021 | D:3      | Found a burning altar of Makhleb.
  2023 | D:3      | Found a blossoming altar of Fedhas.
  2023 | D:3      | Found a shimmering altar of Xom.
  2023 | D:3      | Found a radiant altar of Vehumet.
  2024 | D:3      | Found an iron altar of Okawaru.
  2025 | D:3      | Found a hide-covered altar of Uskayaw.
  2026 | D:3      | Found a hazy altar of Hepliaklqana.
  2028 | D:3      | Found a sacrificial altar of Ru.
  2491 | D:4      | Reached XP level 6. HP: 52/59 MP: 5/5
  2508 | D:4      | Reached skill level 7 in Unarmed Combat
  2720 | D:4      | Noticed crawdingle's ghost (amateur SpAr)
  2751 | D:4      | Killed crawdingle's ghost
  3046 | D:5      | Entered Level 5 of the Dungeon
  3056 | D:5      | Noticed a sky beast
  3072 | D:5      | Killed a sky beast
  3072 | D:5      | Reached skill level 1 in Throwing
  3072 | D:5      | Reached skill level 8 in Unarmed Combat
  3072 | D:5      | Reached XP level 7. HP: 62/66 MP: 6/6
  3150 | D:5      | Noticed a spriggan
  3159 | D:5      | Killed a spriggan
  3161 | D:5      | Noticed a spriggan
  3166 | D:5      | Noticed a spriggan
  3176 | D:5      | Killed a spriggan
  3182 | D:5      | Noticed a spriggan
  3184 | D:5      | Killed a spriggan
  3184 | D:5      | Reached skill level 9 in Unarmed Combat
  3184 | D:5      | Reached XP level 8. HP: 19/74 MP: 7/7
  3199 | D:5      | HP: 1/74 [spriggan/dagger (3)]
  3446 | D:5      | HP: 3/74 [spriggan/rapier (6)]
  3448 | D:5      | Slain by a spriggan

Vault maps used:
D:1:      lightli_arrival_maybe_door_vault, serial_glass, glass_columns_c,
          glass_columns_a, glass_columns_c, glass_columns_b, glass_columns_c,
          glass_columns_b
D:2:      first_bread
D:3:      minitemple
D:5:      kb_forest_paths, uniq_prince_ribbit1

Skill      XL: |  1  2  3  4  5  6  7  8 |
---------------+-------------------------+-----
Unarmed Combat | 4 6 8 9 |  9.4
Throwing       | 1 3 4 |  4.4
Fighting       | |  2.4
Dodging        | |  2.4
Stealth        | |  1.1

Action                   |  1- 3 |  4- 6 |  7- 9 || total
-------------------------+-------+-------+-------++-------
Melee: Unarmed           |    96 |   159 |    64 ||   319
       Punch             |     2 |     2 |     1 ||     5
Throw: Tomahawk          |       |     2 |       ||     2
       Large rock        |       |     2 |       ||     2
Evoke: Wand              |       |       |     2 ||     2
  Use: Scroll            |       |     5 |     1 ||     6
       Potion            |       |       |     4 ||     4
 Stab: Sleeping          |       |     1 |       ||     1
  Eat: Chunk             |     8 |    22 |     5 ||    35
Armor: Robe              |    54 |    61 |    11 ||   126
Dodge: Dodged            |    64 |    64 |    17 ||   145
